AAA EAST
TOLEDO MUD HENS @ IOWA CUBS
07/19/2041
 
TOP OF THE 1ST
Toledo Mud Hens batting - Pitching for Iowa Cubs : RHP Pancho Reyna
Pitching: RHP Pancho Reyna
Batting: LHB Jon Bray 0-0: Ball
1-0: Ground out 4-3 (Groundball, 4, EV 100.6 MPH)
Batting: RHB Tache Grigore 0-0: Called Strike
0-1: Foul Ball, location: 25FF
0-2: Ball
1-2: Ball
2-2: Strikes out swinging
Batting: LHB Eric Mason 0-0: Called Strike
0-1: Ball
1-1: DOUBLE (Line Drive, 8RXD, EV 105.6 MPH)
Batting: RHB Tony Blevins 0-0: Fly out, F8 (Flyball, 8LM, EV 89.4 MPH)
Top of the 1st over - 0 runs, 1 hit, 0 errors, 1 left on base; Toledo 0 - Iowa 0
BOTTOM OF THE 1ST
Iowa Cubs batting - Pitching for Toledo Mud Hens : LHP Steve Matthews
Pitching: LHP Steve Matthews
Batting: RHB José Rosário 0-0: Called Strike
0-1: Swinging Strike
0-2: Fly out, F9 (Line Drive, 9S, EV 86.9 MPH)
Batting: RHB Ed Tipton 0-0: Ball
1-0: Called Strike
1-1: Swinging Strike
1-2: Ball
2-2: Ball
3-2: Strikes out swinging
Batting: RHB Tony Aguirre 0-0: Foul Ball, location: 9LMF
0-1: Foul Ball, location: 25FF
0-2: Ball
1-2: Foul Ball, location: 2RF
1-2: Ball
2-2: Ball
3-2: Base on Balls
Batting: RHB José Féliz 0-0: Foul Ball, location: 25F
0-1: Ball
1-1: Foul Ball, location: 23F
1-2: Foul Ball, location: 3F
1-2: Ball
2-2: Foul Ball, location: 2F
2-2: Ball
3-2: Fly out, F8 (Flyball, 78M, EV 93.8 MPH)
Bottom of the 1st over - 0 runs, 0 hits, 0 errors, 1 left on base; Toledo 0 - Iowa 0
TOP OF THE 2ND
Toledo Mud Hens batting - Pitching for Iowa Cubs : RHP Pancho Reyna
Batting: SHB Loc Dang 0-0: Ball
1-0: Swinging Strike
1-1: Called Strike
1-2: Foul Ball, location: 2F
1-2: Fly out, F7 (Flyball, 7LM, EV 110.6 MPH)
Batting: LHB Kevin Badger 0-0: Ball
1-0: Fly out, F5 (Popup, 56, EV 63.8 MPH)
Batting: SHB Mario Cortéz 0-0: Called Strike
0-1: Ball
1-1: Ball
2-1: Ball
3-1: Base on Balls
Batting: RHB William Beauvais 0-0: Ball
1-0: Ground out 4-3 (Groundball, 4, EV 76.9 MPH)
Top of the 2nd over - 0 runs, 0 hits, 0 errors, 1 left on base; Toledo 0 - Iowa 0
BOTTOM OF THE 2ND
Iowa Cubs batting - Pitching for Toledo Mud Hens : LHP Steve Matthews
Batting: RHB Víctor Aquino 0-0: Ball
1-0: Ball
2-0: Called Strike
2-1: Foul Ball, location: 2F
2-2: Ball
3-2: Fly out, F4 (Popup, 34, EV 66.3 MPH)
Batting: RHB Jimmy Shaw 0-0: Called Strike
0-1: Ball
1-1: Ball
2-1: Ball
3-1: Foul Ball, location: 23F
3-2: Base on Balls
Batting: LHB Doug Conway 0-0: Grounds into double play, 4-6-3 (Groundball, 4, EV 84.4 MPH)
Bottom of the 2nd over - 0 runs, 0 hits, 0 errors, 0 left on base; Toledo 0 - Iowa 0
TOP OF THE 3RD
Toledo Mud Hens batting - Pitching for Iowa Cubs : RHP Pancho Reyna
Batting: RHB Jim Unknown 0-0: Foul Ball, location: 25FF
0-1: Foul Ball, location: 23F
0-2: Ball
1-2: Ball
2-2: Ball
3-2: Foul Ball, location: 9LDF
3-2: Foul Ball, location: 2F
3-2: Base on Balls
Batting: LHB Jon Bray 0-0: Called Strike
0-1: Ball
1-1: Bunted foul
1-2: Foul Ball, location: 9LMF
1-2: Foul Ball, location: 2F
1-2: Foul Ball, location: 2F
1-2: Fly out, F9 (Flyball, 9, EV 95.0 MPH)
Batting: RHB Tache Grigore 0-0: Called Strike
0-1: Ball
1-1: Swinging Strike
1-2: Ball
2-2: Grounds into double play, 4-6-3 (Groundball, 4, EV 78.1 MPH)
Top of the 3rd over - 0 runs, 0 hits, 0 errors, 0 left on base; Toledo 0 - Iowa 0
BOTTOM OF THE 3RD
Iowa Cubs batting - Pitching for Toledo Mud Hens : LHP Steve Matthews
Batting: LHB Raúl Soto 0-0: Ball
1-0: Called Strike
1-1: Called Strike
1-2: Strikes out looking
Batting: RHB Luis Álvarez 0-0: Ball
1-0: Called Strike
1-1: SINGLE (Line Drive, 6MD, EV 99.4 MPH)
Batting: RHB José Rosário 0-0: Ball
1-0: Fielders Choice at 2nd, 4-6 (Groundball, 4, EV 83.8 MPH)
Batting: RHB Ed Tipton 0-0: SINGLE (Flyball, 78S, EV 93.1 MPH)
José Rosário to second
Batting: RHB Tony Aguirre 0-0: Ground out 4-3 (Groundball, 4, EV 78.8 MPH)
Bottom of the 3rd over - 0 runs, 2 hits, 0 errors, 2 left on base; Toledo 0 - Iowa 0
TOP OF THE 4TH
Toledo Mud Hens batting - Pitching for Iowa Cubs : RHP Pancho Reyna
Batting: LHB Eric Mason 0-0: Ball
1-0: Foul Ball, location: 7LDF
1-1: Called Strike
1-2: Foul Ball, location: 2F
1-2: Ground out 6-3 (Groundball, 6, EV 85.6 MPH)
Batting: RHB Tony Blevins 0-0: Ball
1-0: Called Strike
1-1: SINGLE (Groundball, 6MD, EV 104.4 MPH)
Batting: SHB Loc Dang 0-0: Called Strike
0-1: Called Strike
0-2: Ball
1-2: Foul Ball, location: 5DF
1-2: Foul Ball, location: 2F
1-2: Foul Ball, location: 7LDF
1-2: Foul Ball, location: 5F
1-2: Fly out, F9 (Flyball, 89D, EV 95.6 MPH)
Batting: LHB Kevin Badger 0-0: Ball
1-0: Ball
2-0: Ball
3-0: Called Strike
3-1: Called Strike
3-2: SINGLE (Line Drive, 78S, EV 93.8 MPH)
Tony Blevins to second
Tony Blevins to third
Batting: SHB Mario Cortéz 0-0: Ball
1-0: Swinging Strike
1-1: Ball
2-1: Swinging Strike
2-2: Strikes out swinging
Top of the 4th over - 0 runs, 2 hits, 0 errors, 2 left on base; Toledo 0 - Iowa 0
BOTTOM OF THE 4TH
Iowa Cubs batting - Pitching for Toledo Mud Hens : LHP Steve Matthews
Batting: RHB José Féliz 0-0: Called Strike
0-1: Swinging Strike
0-2: Ball
1-2: Ball
2-2: Foul Ball, location: 7LMF
2-2: DOUBLE (Line Drive, 78D, EV 103.8 MPH)
Batting: RHB Víctor Aquino 0-0: Ground out 6-3 (Groundball, 6, EV 81.3 MPH)
Batting: RHB Jimmy Shaw 0-0: Ground out 6-3 (Groundball, 56D, EV 104.4 MPH)
José Féliz to third
Batting: LHB Doug Conway 0-0: Hit by Pitch
Batting: LHB Raúl Soto 0-0: Foul Ball, location: 2F
0-1: Called Strike
0-2: Ball
1-2: Ball
2-2: Foul Ball, location: 7LDF
2-2: Foul Ball, location: 3F
2-2: Foul Ball, location: 7LDF
2-2: Strikes out swinging
Bottom of the 4th over - 0 runs, 1 hit, 0 errors, 2 left on base; Toledo 0 - Iowa 0
TOP OF THE 5TH
Toledo Mud Hens batting - Pitching for Iowa Cubs : RHP Pancho Reyna
Batting: RHB William Beauvais 0-0: Called Strike
0-1: Ball
1-1: Swinging Strike
1-2: Strikes out swinging
Pitching: RHP Dan Russell
Batting: RHB Jim Unknown 0-0: Called Strike
0-1: Fly out, F8 (Flyball, 8LM, EV 86.9 MPH)
Batting: LHB Jon Bray 0-0: Ball
1-0: Bunt missed!
1-1: TRIPLE (Flyball, 89XD, EV 101.3 MPH)
Batting: RHB Tache Grigore 0-0: Called Strike
0-1: Foul Ball, location: 23FF
0-2: Ball
1-2: Ball
2-2: Ball
3-2: Strikes out swinging
Top of the 5th over - 0 runs, 1 hit, 0 errors, 1 left on base; Toledo 0 - Iowa 0
BOTTOM OF THE 5TH
Iowa Cubs batting - Pitching for Toledo Mud Hens : LHP Steve Matthews
Batting: RHB Luis Álvarez 0-0: Ball
1-0: Swinging Strike
1-1: Swinging Strike
1-2: Strikes out looking
Batting: RHB José Rosário 0-0: Ball
1-0: Swinging Strike
1-1: Foul Ball, location: 5FF
1-2: Ball
2-2: Strikes out swinging
Batting: RHB Ed Tipton 0-0: Called Strike
0-1: Ball
1-1: Ball
2-1: TRIPLE (Flyball, 9LD, EV 95.0 MPH)
Batting: RHB Tony Aguirre 0-0: Foul Ball, location: 2F
0-1: Ball
1-1: Ball
2-1: Fly out, F9 (Flyball, 9LM, EV 95.6 MPH)
Bottom of the 5th over - 0 runs, 1 hit, 0 errors, 1 left on base; Toledo 0 - Iowa 0
TOP OF THE 6TH
Toledo Mud Hens batting - Pitching for Iowa Cubs : RHP Dan Russell
Batting: LHB Eric Mason 0-0: Ball
1-0: Swinging Strike
1-1: Swinging Strike
1-2: Strikes out swinging
Batting: RHB Tony Blevins 0-0: Ball
1-0: Swinging Strike
1-1: Ball
2-1: Ball
3-1: Called Strike
3-2: Base on Balls
Batting: SHB Loc Dang 0-0: Called Strike
0-1: SINGLE (Groundball, 4MD, EV 100.6 MPH)
Tony Blevins to second
Batting: LHB Kevin Badger 0-0: Fielders Choice at 2nd, 3-6 (Groundball, 34, EV 105.0 MPH)
Tony Blevins to third
Batting: SHB Mario Cortéz 0-0: Ball
1-0: Ball
2-0: Ball
3-0: Foul Ball, location: 7LDF
3-1: Base on Balls
Kevin Badger to second
Batting: RHB William Beauvais 0-0: Called Strike
0-1: Ball
1-1: Ball
2-1: Ball
3-1: Base on Balls
Tony Blevins scores
Kevin Badger to third
Mario Cortéz to second
Batting: RHB Jim Unknown 0-0: Swinging Strike
0-1: Swinging Strike
0-2: Foul Ball, location: 2F
0-2: Strikes out swinging
Top of the 6th over - 1 run, 1 hit, 0 errors, 3 left on base; Toledo 1 - Iowa 0
BOTTOM OF THE 6TH
Iowa Cubs batting - Pitching for Toledo Mud Hens : LHP Steve Matthews
Pitching: RHP Jeff Hill
Batting: RHB José Féliz 0-0: Ball
1-0: Foul Ball, location: 5SF
1-1: Ball
2-1: Foul Ball, location: 9LDF
2-2: Strikes out looking
Batting: RHB Víctor Aquino 0-0: Ground out 4-3 (Groundball, 34, EV 88.8 MPH)
Batting: RHB Jimmy Shaw 0-0: SINGLE (Groundball, 34D, EV 108.1 MPH)
Batting: LHB Doug Conway 0-0: Ball
1-0: Swinging Strike
1-1: Ball
Jimmy Shaw steals 2nd base
2-1: Called Strike
2-2: Strikes out swinging
Bottom of the 6th over - 0 runs, 1 hit, 0 errors, 1 left on base; Toledo 1 - Iowa 0
TOP OF THE 7TH
Toledo Mud Hens batting - Pitching for Iowa Cubs : RHP Dan Russell
Batting: LHB Jon Bray 0-0: Ball
1-0: Swinging Strike
1-1: Foul Ball, location: 5SF
1-2: Fly out, F5 (Popup, 5SF, EV 85.0 MPH)
Batting: RHB Tache Grigore 0-0: Called Strike
0-1: Ball
1-1: Ball
2-1: Called Strike
2-2: Fly out, F8 (Flyball, 8RM, EV 91.9 MPH)
Batting: LHB Eric Mason 0-0: Ball
1-0: Called Strike
1-1: Ground out 1-3 (Groundball, P, EV 75.0 MPH)
Top of the 7th over - 0 runs, 0 hits, 0 errors, 0 left on base; Toledo 1 - Iowa 0
BOTTOM OF THE 7TH
Iowa Cubs batting - Pitching for Toledo Mud Hens : RHP Jeff Hill
Batting: LHB Raúl Soto 0-0: Foul Ball, location: 5SF
0-1: Ball
1-1: Ball
2-1: SOLO HOME RUN (Flyball, 7D, EV 99.4 MPH), Distance : 367 ft
Batting: RHB Luis Álvarez 0-0: Ball
1-0: Ball
2-0: Fly out, F5 (Popup, 56, EV 61.9 MPH)
Batting: RHB José Rosário 0-0: Ball
1-0: Ball
2-0: Ground out 4-3 (Groundball, 4, EV 91.3 MPH)
Batting: RHB Ed Tipton 0-0: Ball
1-0: Ball
2-0: Called Strike
2-1: Ball
3-1: SINGLE (Groundball, 56S, EV 66.9 MPH) (infield hit)
Batting: RHB Tony Aguirre 0-0: Ball
1-0: Ball
Ed Tipton steals 2nd base
2-0: Called Strike
2-1: Foul Ball, location: 23FF
2-2: Ball
3-2: Foul Ball, location: 2F
3-2: Strikes out looking
Bottom of the 7th over - 1 run, 2 hits, 0 errors, 1 left on base; Toledo 1 - Iowa 1
TOP OF THE 8TH
Toledo Mud Hens batting - Pitching for Iowa Cubs : RHP Dan Russell
Pinch Hitting: LHB Omar Padilla 0-0: Called Strike
0-1: Foul Ball, location: 9LSF
0-2: Foul Ball, location: 25F
0-2: Fly out, F8 (Flyball, 8RM, EV 93.8 MPH)
Batting: SHB Loc Dang 0-0: Ball
1-0: Ball
2-0: Foul Ball, location: 2F
2-1: Foul Ball, location: 7LMF
2-2: Ball
3-2: Strikes out swinging
Batting: LHB Kevin Badger 0-0: Called Strike
0-1: Called Strike
0-2: Strikes out swinging
Top of the 8th over - 0 runs, 0 hits, 0 errors, 0 left on base; Toledo 1 - Iowa 1
BOTTOM OF THE 8TH
Iowa Cubs batting - Pitching for Toledo Mud Hens : RHP Jeff Hill
Now at 1B: Omar Padilla
Now in LF: Kevin Badger
Pinch Hitting: LHB Joe Walter 0-0: Ball
1-0: Foul Ball, location: 7LMF
1-1: Ball
2-1: Swinging Strike
2-2: Ground out 4-3 (Groundball, 4, EV 91.3 MPH)
Batting: RHB Víctor Aquino 0-0: Swinging Strike
0-1: Swinging Strike
0-2: Ball
1-2: Ball
2-2: Fly out, F9 (Line Drive, 9S, EV 91.9 MPH)
Batting: RHB Jimmy Shaw 0-0: Ball
1-0: Ball
2-0: Ground out 4-3 (Groundball, 4, EV 87.5 MPH)
Bottom of the 8th over - 0 runs, 0 hits, 0 errors, 0 left on base; Toledo 1 - Iowa 1
TOP OF THE 9TH
Toledo Mud Hens batting - Pitching for Iowa Cubs : RHP Dan Russell
Pitching: RHP Ed Weber
Now at 1B: Joe Walter
Now at 2B: Doug Conway
Batting: SHB Mario Cortéz 0-0: Ball
1-0: Ball
2-0: Foul Ball, location: 2F
2-1: Ball
3-1: Called Strike
3-2: Ground out 6-3 (Groundball, 6, EV 85.0 MPH)
Pinch Hitting: LHB José García 0-0: Ground out 4-3 (Groundball, 34D, EV 100.0 MPH)
Batting: RHB Jim Unknown 0-0: Swinging Strike
0-1: Foul Ball, location: 5F
0-2: Ball
1-2: Strikes out looking
Top of the 9th over - 0 runs, 0 hits, 0 errors, 0 left on base; Toledo 1 - Iowa 1
BOTTOM OF THE 9TH
Iowa Cubs batting - Pitching for Toledo Mud Hens : RHP Jeff Hill
Pitching: RHP Héctor Escamilla
Now at C: Josh Adams
Batting: LHB Doug Conway 0-0: Called Strike
0-1: Ball
1-1: Swinging Strike
1-2: Strikes out swinging
Batting: LHB Raúl Soto 0-0: Foul Ball, location: 3F
0-1: Ground out 4-3 (Groundball, 4, EV 91.3 MPH)
Pinch Hitting: LHB Stan West 0-0: Foul Ball, location: 3SF
0-1: Foul Ball, location: 2F
0-2: Strikes out swinging
Bottom of the 9th over - 0 runs, 0 hits, 0 errors, 0 left on base; Toledo 1 - Iowa 1
TOP OF THE 10TH
Toledo Mud Hens batting - Pitching for Iowa Cubs : RHP Ed Weber
Now at C: Teddy Salas
Batting: LHB Jon Bray 0-0: Foul Ball, location: 2F
0-1: Ball
1-1: Called Strike
1-2: Ball
2-2: Ball
3-2: Foul Ball, location: 2F
3-2: Fly out, F6 (Popup, 6M, EV 70.0 MPH)
Batting: RHB Tache Grigore 0-0: Called Strike
0-1: Ball
1-1: Ball
2-1: Ball
3-1: Base on Balls
Batting: LHB Eric Mason 0-0: Swinging Strike
0-1: Called Strike
0-2: Strikes out swinging
Batting: LHB Omar Padilla 0-0: Ground out 4-3 (Groundball, 13, EV 87.5 MPH)
Top of the 10th over - 0 runs, 0 hits, 0 errors, 1 left on base; Toledo 1 - Iowa 1
BOTTOM OF THE 10TH
Iowa Cubs batting - Pitching for Toledo Mud Hens : RHP Héctor Escamilla
Batting: RHB José Rosário 0-0: Ball
1-0: Foul Ball, location: 3F
1-1: Ball
2-1: Ground out 6-3 (Groundball, 6, EV 91.3 MPH)
Batting: RHB Ed Tipton 0-0: Fly out, F6 (Popup, 4MS, EV 77.5 MPH)
Batting: RHB Tony Aguirre 0-0: SINGLE (Groundball, 4MD, EV 102.5 MPH)
Batting: LHB Joe Walter 0-0: Ball
1-0: Called Strike
1-1: Ball
2-1: Ground out 4-3 (Groundball, 4, EV 108.1 MPH)
Bottom of the 10th over - 0 runs, 1 hit, 0 errors, 1 left on base; Toledo 1 - Iowa 1
TOP OF THE 11TH
Toledo Mud Hens batting - Pitching for Iowa Cubs : RHP Ed Weber
Batting: SHB Loc Dang 0-0: Ball
1-0: Swinging Strike
1-1: Called Strike
1-2: Foul Ball, location: 9LMF
1-2: Strikes out swinging
Batting: LHB Kevin Badger 0-0: Ground out 4-3 (Groundball, 4, EV 105.6 MPH)
Batting: SHB Mario Cortéz 0-0: Ball
1-0: Called Strike
1-1: Swinging Strike
1-2: Foul Ball, location: 2F
1-2: Strikes out swinging
Top of the 11th over - 0 runs, 0 hits, 0 errors, 0 left on base; Toledo 1 - Iowa 1
BOTTOM OF THE 11TH
Iowa Cubs batting - Pitching for Toledo Mud Hens : RHP Héctor Escamilla
Batting: RHB Víctor Aquino 0-0: Called Strike
0-1: Fly out, F7 (Line Drive, 78M, EV 88.8 MPH)
Batting: RHB Jimmy Shaw 0-0: Called Strike
0-1: Foul Ball, location: 7LDF
0-2: Foul Ball, location: 2F
0-2: Strikes out swinging
Batting: LHB Doug Conway 0-0: Ball
1-0: Called Strike
1-1: Foul Ball, location: 5SF
1-2: Foul Ball, location: 2F
1-2: Strikes out swinging
Bottom of the 11th over - 0 runs, 0 hits, 0 errors, 0 left on base; Toledo 1 - Iowa 1
TOP OF THE 12TH
Toledo Mud Hens batting - Pitching for Iowa Cubs : RHP Ed Weber
Batting: RHB Josh Adams 0-0: Swinging Strike
0-1: Foul Ball, location: 9LSF
0-2: Strikes out looking
Batting: RHB Jim Unknown 0-0: Ground out 6-3 (Groundball, 6, EV 82.5 MPH)
Batting: LHB Jon Bray 0-0: Called Strike
0-1: Ball
1-1: SINGLE (Groundball, 34D, EV 95.0 MPH)
Pitching: RHP Luis Alonso
Batting: RHB Tache Grigore 0-0: Called Strike
Jon Bray steals 2nd base
0-1: Ball
1-1: Swinging Strike
1-2: Foul Ball, location: 9LDF
1-2: Ball
2-2: Strikes out swinging
Top of the 12th over - 0 runs, 1 hit, 0 errors, 1 left on base; Toledo 1 - Iowa 1
BOTTOM OF THE 12TH
Iowa Cubs batting - Pitching for Toledo Mud Hens : RHP Héctor Escamilla
Batting: LHB Raúl Soto 0-0: Ball
1-0: Ball
2-0: Foul Ball, location: 7LMF
2-1: Ball
3-1: Base on Balls
Batting: RHB Teddy Salas 0-0: Called Strike
0-1: Called Strike
0-2: Foul Ball, location: 2F
0-2: Ball
1-2: Ball
2-2: Grounds into double play, 6-4-3 (Groundball, 6S, EV 87.5 MPH)
Batting: RHB José Rosário 0-0: Ball
1-0: Called Strike
1-1: Called Strike
1-2: Foul Ball, location: 9LMF
1-2: SINGLE (Groundball, 4MD, EV 94.4 MPH)
Pitching: RHP Mario Herrera
Batting: RHB Ed Tipton 0-0: Called Strike
José Rosário is caught stealing 2nd base 2-4
Bottom of the 12th over - 0 runs, 1 hit, 0 errors, 0 left on base; Toledo 1 - Iowa 1
TOP OF THE 13TH
Toledo Mud Hens batting - Pitching for Iowa Cubs : RHP Luis Alonso
Batting: LHB Eric Mason 0-0: Called Strike
0-1: Ball
1-1: Fly out, F6 (Popup, 15, EV 77.5 MPH)
Batting: LHB Omar Padilla 0-0: Called Strike
0-1: Foul Ball, location: 9LSF
0-2: Ball
1-2: Ball
2-2: Strikes out swinging
Batting: SHB Loc Dang 0-0: Ball
1-0: Fly out, F8 (Flyball, 8LM, EV 85.6 MPH)
Top of the 13th over - 0 runs, 0 hits, 0 errors, 0 left on base; Toledo 1 - Iowa 1
BOTTOM OF THE 13TH
Iowa Cubs batting - Pitching for Toledo Mud Hens : RHP Mario Herrera
Batting: RHB Ed Tipton 0-0: Ball
1-0: Ball
2-0: Ball
3-0: Called Strike
3-1: Base on Balls
Batting: RHB Tony Aguirre 0-0: Called Strike
0-1: Ball
1-1: Swinging Strike
1-2: Ball
2-2: Foul Ball, location: 25F
2-2: Strikes out swinging
Ed Tipton steals 2nd base
Batter strikes out.
Pitching: LHP Orlando García
Pinch Hitting: RHB Charlie Roe 0-0: Called Strike
0-1: Ball
1-1: SINGLE (Groundball, 5S, EV 70.0 MPH) (infield hit)
Ed Tipton to third
Batting: RHB Víctor Aquino 0-0: Ball
1-0: Called Strike
1-1: Swinging Strike
1-2: Strikes out swinging
Batting: RHB Jimmy Shaw 0-0: Ball
1-0: Ground out U3 (Groundball, 3, EV 96.9 MPH)
Bottom of the 13th over - 0 runs, 1 hit, 0 errors, 2 left on base; Toledo 1 - Iowa 1
TOP OF THE 14TH
Toledo Mud Hens batting - Pitching for Iowa Cubs : RHP Luis Alonso
Now at 1B: Tony Aguirre
Now at 3B: Charlie Roe
Batting: LHB Kevin Badger 0-0: Ball
1-0: Ball
2-0: Foul Ball, location: 7LDF
2-1: Swinging Strike
2-2: Ball
3-2: Foul Ball, location: 25F
3-2: Fly out, F7 (Flyball, 7D, EV 103.8 MPH)
Batting: SHB Mario Cortéz 0-0: Called Strike
0-1: Swinging Strike
0-2: Ball
1-2: Fly out, F7 (Flyball, 7, EV 77.5 MPH)
Batting: RHB Josh Adams 0-0: Ball
1-0: Ball
2-0: Foul Ball, location: 23FF
2-1: Ball
3-1: Base on Balls
Batting: RHB Jim Unknown 0-0: Foul Ball, location: 9LMF
0-1: Ground out 5-3 (Groundball, 56S, EV 92.5 MPH)
Top of the 14th over - 0 runs, 0 hits, 0 errors, 1 left on base; Toledo 1 - Iowa 1
BOTTOM OF THE 14TH
Iowa Cubs batting - Pitching for Toledo Mud Hens : LHP Orlando García
Pinch Hitting: RHB Donmaz Chavchavadze 0-0: Ground out 6-3 (Groundball, 6, EV 83.8 MPH)
Batting: LHB Raúl Soto 0-0: Ball
1-0: Foul Ball, location: 9LMF
1-1: Ball
2-1: Fly out, F9 (Flyball, 9S, EV 72.5 MPH)
Batting: RHB Teddy Salas 0-0: Ball
1-0: Called Strike
1-1: Ball
2-1: Foul Ball, location: 2F
2-2: Strikes out looking
Bottom of the 14th over - 0 runs, 0 hits, 0 errors, 0 left on base; Toledo 1 - Iowa 1
TOP OF THE 15TH
Toledo Mud Hens batting - Pitching for Iowa Cubs : RHP Luis Alonso
Now at 2B: Ed Tipton
Now at SS: Donmaz Chavchavadze
Batting: LHB Jon Bray 0-0: Called Strike
0-1: SINGLE (Groundball, 6MS, EV 63.1 MPH) (infield hit)
Batting: RHB Tache Grigore 0-0: Called Strike
Jon Bray steals 2nd base
0-1: Ball
1-1: Ball
2-1: Bunted foul
2-2: Ground out 4-3 (Groundball, 34, EV 85.0 MPH)
Jon Bray to third
Batting: LHB Eric Mason 0-0: Called Strike
0-1: Swinging Strike
0-2: SINGLE (Line Drive, 78M, EV 85.0 MPH)
Jon Bray scores
Batting: LHB Omar Padilla 0-0: Called Strike
0-1: Ball
1-1: Foul Ball, location: 3F
1-2: Ball
2-2: Fly out, F8 (Flyball, 8RXD, EV 95.0 MPH)
Batting: SHB Loc Dang 0-0: Foul Ball, location: 2F
0-1: Ball
1-1: Fielders Choice at 2nd, 6-4 (Groundball, 6MD, EV 98.8 MPH)
Top of the 15th over - 1 run, 2 hits, 0 errors, 1 left on base; Toledo 2 - Iowa 1
BOTTOM OF THE 15TH
Iowa Cubs batting - Pitching for Toledo Mud Hens : LHP Orlando García
Now in RF: Doug Foley
Batting: RHB José Rosário 0-0: Ball
1-0: Ball
2-0: Called Strike
2-1: Swinging Strike
2-2: Ball
3-2: SINGLE (Groundball, 4S, EV 65.0 MPH) (infield hit)
Pitching: RHP Willie Day
Now at 1B: Doug Foley
Now in RF: Don Lewis
Batting: RHB Ed Tipton 0-0: Bunted foul
0-1: Ball
1-1: Foul Ball, location: 9LDF
1-2: Foul Ball, location: 2F
1-2: Fly out, F7 (Flyball, 7D, EV 86.9 MPH)
Batting: RHB Tony Aguirre 0-0: Foul Ball, location: 5SF
0-1: Foul Ball, location: 9LSF
0-2: Ball
1-2: Ball
2-2: Foul Ball, location: 9LMF
2-2: Ball
3-2: Foul Ball, location: 2F
3-2: Fly out, F8 (Flyball, 8RM, EV 89.4 MPH)
Batting: RHB Charlie Roe 0-0: Ball
1-0: Called Strike
1-1: Ball
2-1: Swinging Strike
2-2: Foul Ball, location: 2F
2-2: Ball
3-2: Strikes out swinging
Bottom of the 15th over - 0 runs, 1 hit, 0 errors, 1 left on base; Toledo 2 - Iowa 1
Monday, April 1st , 2024 - OOTP Baseball 24.10 Build 82